 Dungeon Sprint DCSS version 0.28.0-53-g5a82cb258f (webtiles) character file.

Game seed: 13501346201773290424

465020 Revguard the Demonic Aeon (level 18, 177/177 HPs)
             Began as a Demonspawn Fighter on May 23, 2022.
             Was the Champion of Cheibriados.
             Escaped with the Orb!
             The game lasted 00:44:21 (4617 turns).

Revguard the Demonic Aeon (Demonspawn Fighter)      Turns: 4617, Time: 00:44:22

Health: 177/177    AC: 50    Str: 43    XL:     18   Next: 58%
Magic:  35/35      EV: 31    Int: 28    God:    Cheibriados [******]
Gold:   0          SH: 44    Dex: 34    Spells: 17/17 levels left

rFire   + . .      SeeInvis +   E - +7 Singing Sword {vorpal, sonic wave}
rCold   + . .      Faith    .   D - +18 shield of the Gong {rElec rN+ Will+ EV-5}
rNeg    + + .      Spirit   .   C - +15 Maxwell's patent armour {-Cast -Tele rElec Will+ rCorr}
rPois   +          Reflect  +   s - +2 helmet {SInv}
rElec   +          Harm     .   c - +2 cloak {rPois}
rCorr   +          Rampage  .   (gloves unavailable)
Will    ++++.      NoTele   +   U - +2 pair of boots "Zedui" {rN+ Str+4}
Stlth   .......... NoCast   +   J - amulet of Wadyteod {Reflect Will+ SH+5}
HPRegen 0.39/turn               L - ring "Foax" {rC+ rCorr Str+6 Slay+5}
MPRegen 0.24/turn               N - ring "Liry" {rF+ Int+3 Slay+3 Stlth-}

@: mighty, studying 3 skills, invisible, very slow
A: icy blue scales 2, foul stench 3, powered by pain 3, demonic touch 3,
deterioration 2
0: Orb of Zot
a: Renounce Religion, Bend Time, Temporal Distortion, Slouch, Step From Time


You escaped.
You worshipped Cheibriados.
Cheibriados was exalted by your worship.
You visited 1 branch

Inventory:

Hand Weapons
 E - the +7 Singing Sword (weapon) {vorpal, sonic wave}
   (You found it in the Dungeon)

   It inflicts extra damage upon your enemies.
   It radiates damaging sonic waves as it strikes, especially in combat
   involving dangerous or numerous foes.
Armour
 c - a +2 cloak of poison resistance (worn)
 s - a +2 helmet of see invisible (worn)
 C - the +15 Maxwell's patent armour (worn) {-Cast -Tele rElec Will+ rCorr}
   (You found it in the Dungeon)

   rElec:     It insulates you from electricity.
   -Cast:     It prevents spellcasting.
   -Tele:     It prevents most forms of teleportation.
   rCorr:     It protects you from acid and corrosion.
   Will:      It increases your willpower.
 D - the +18 shield of the Gong (worn) {rElec rN+ Will+ EV-5}
   (You found it in the Dungeon)

   It is deafeningly noisy when blocking attacks.
   EV:        It affects your evasion (-5).
   rElec:     It insulates you from electricity.
   rN:        It protects you from negative energy.
   Will:      It increases your willpower.
 U - the +2 pair of boots "Zedui" (worn) {rN+ Str+4}
   (You found it in the Dungeon)

   Str:       It affects your strength (+4).
   rN:        It protects you from negative energy.
Jewellery
 a - an amulet of faith
 m - a ring of see invisible
 t - a ring of positive energy
 u - a +6 ring of dexterity
 w - the ring "Zeralal" {rC+ EV+4 Int+2}
   (You found it in the Dungeon)

   [ring of evasion]

   EV:        It affects your evasion (+4).
   Int:       It affects your intelligence (+2).
   rC:        It protects you from cold.
 x - a +6 ring of dexterity
 y - an amulet of the acrobat
 G - a ring of willpower
 J - the amulet of Wadyteod (around neck) {Reflect Will+ SH+5}
   (You found it in the Dungeon)

   [amulet of reflection]

   It reflects blocked missile attacks.
   SH:        It affects your SH (+5).
   Will:      It increases your willpower.
 L - the ring "Foax" (left hand) {rC+ rCorr Str+6 Slay+5}
   (You found it in the Dungeon)

   [ring of strength]

   Str:       It affects your strength (+6).
   Slay:      It affects your accuracy & damage with ranged weapons and melee
   (+5).
   rC:        It protects you from cold.
   rCorr:     It protects you from acid and corrosion.
 N - the ring "Liry" (right hand) {rF+ Int+3 Slay+3 Stlth-}
   (You found it in the Dungeon)

   [ring of protection from fire]

   Int:       It affects your intelligence (+3).
   Slay:      It affects your accuracy & damage with ranged weapons and melee
   (+3).
   rF:        It protects you from fire.
   Stlth:     It makes you less stealthy.
 P - a ring of protection from fire
 Q - a ring of protection from fire
 R - a ring of flight
 S - the amulet of Aschah {Faith Regen+}
   (You took it off a merfolk in the Dungeon)

   [amulet of faith]

   It allows you to gain divine favour quickly.
   Regen:     It increases your rate of health regeneration.
Wands
 z - a wand of mindburst (6)
 A - a wand of iceblast (4)
 B - a wand of acid (3)
Scrolls
 j - 4 scrolls of blinking
 n - a scroll of holy word
 o - 4 scrolls of amnesia
 p - 7 scrolls of fog
 q - 5 scrolls of identify
 r - 2 scrolls of fear
 M - 4 scrolls of brand weapon
 O - 11 scrolls of enchant armour
Potions
 d - 5 potions of might
 e - 9 potions of curing
 f - 2 potions of heal wounds
 g - 22 potions of haste
 h - 6 potions of magic
 i - 3 potions of berserk rage
 k - 2 potions of brilliance
 l - a potion of invisibility
Miscellaneous
 b - a piece from Xom's chessboard (15/15)
 v - a box of beasts
 F - a phial of floods
 H - a phantom mirror
 I - a tin of tremorstones (2/2)
 K - a condenser vane


   Skills:
 + Level 25.5 Fighting
 + Level 23.6 Long Blades
 + Level 23.7 Armour
 + Level 23.5 Dodging
 + Level 23.6 Shields
 O Level 27 Invocations
 + Level 25.3 Evocations


You had 17 spell levels left.
You didn't know any spells.
Your spell library contained the following spells:

 Spells                   Type           Power      Damage    Failure   Level
 Animate Skeleton         Necr           0%         N/A       30%         1
 Apportation              Tloc           0%         N/A       30%         1
 Foxfire                  Conj/Fire      0%         2x1d4     30%         1
 Sandblast                Erth           0%         2d4       30%         1
 Sting                    Tmut/Pois      0%         1d3       30%         1
 Summon Small Mammal      Summ           0%         N/A       30%         1
 Ensorcelled Hibernation  Hex/Ice        0%         N/A       43%         2
 Passwall                 Tmut/Erth      0%         N/A       43%         2
 Poisonous Vapours        Pois/Air       0%         N/A       43%         2
 Searing Ray              Conj           0%         2d4       43%         2
 Static Discharge         Conj/Air       0%         N/A       43%         2
 Sublimation of Blood     Necr           0%         N/A       43%         2
 Call Canine Familiar     Summ           0%         N/A       67%         3
 Conjure Flame            Conj/Fire      0%         6-21      67%         3
 Dazzling Flash           Conj/Hex       0%         N/A       67%         3
 Frozen Ramparts          Ice            0%         1d2       67%         3
 Gell's Gravitas          Tloc           0%         N/A       67%         3
 Ignite Poison            Fire/Tmut/Pois 0%         N/A       67%         3
 Inner Flame              Hex/Fire       0%         N/A       67%         3
 Lesser Beckoning         Tloc           0%         N/A       67%         3
 Mephitic Cloud           Conj/Pois/Air  0%         N/A       67%         3
 Portal Projectile        Hex/Tloc       0%         N/A       67%         3
 Spider Form              Tmut/Pois      0%         N/A       67%         3
 Stone Arrow              Conj/Erth      0%         3d7       67%         3
 Summon Guardian Golem    Hex/Summ       0%         N/A       67%         3
 Swiftness                Air            0%         N/A       67%         3
 Teleport Other           Tloc           0%         N/A       67%         3
 Tukima's Dance           Hex            0%         N/A       67%         3
 Airstrike                Air            0%         N/A       97%         4
 Anguish                  Hex/Necr       0%         N/A       97%         4
 Animate Armour           Summ/Erth      0%         N/A       97%         4
 Animate Dead             Necr           0%         N/A       97%         4
 Cause Fear               Hex            0%         N/A       97%         4
 Dispel Undead            Necr           0%         3d6       97%         4
 Hailstorm                Conj/Ice       0%         3d3       97%         4
 Ice Form                 Ice/Tmut       0%         N/A       97%         4
 Iskenderun's Mystic Bla  Conj/Tloc      0%         2d3       97%         4
 Leda's Liquefaction      Hex/Erth       0%         N/A       97%         4
 Olgreb's Toxic Radiance  Pois           0%         N/A       97%         4
 Passage of Golubria      Tloc           0%         N/A       97%         4
 Petrify                  Tmut/Erth      0%         N/A       97%         4
 Sticky Flame             Conj/Fire      0%         2d3       97%         4
 Summon Ice Beast         Ice/Summ       0%         N/A       97%         4
 Summon Lightning Spire   Summ/Air       0%         N/A       97%         4
 Alistair's Intoxication  Tmut/Pois      0%         N/A       100%        5
 Blade Hands              Tmut           0%         N/A       100%        5
 Borgnjor's Vile Clutch   Necr/Erth      0%         N/A       100%        5
 Fireball                 Conj/Fire      0%         3d3       100%        5
 Freezing Cloud           Conj/Ice/Air   0%         6-21      100%        5
 Irradiate                Conj/Tmut      0%         3d14      100%        5
 Iskenderun's Battlesphe  Conj           0%         2d6       100%        5
 Lee's Rapid Deconstruct  Erth           0%         3d5*      100%        5
 Lightning Bolt           Conj/Air       0%         1d11      100%        5
 Metabolic Englaciation   Hex/Ice        0%         N/A       100%        5
 Silence                  Hex/Air        0%         N/A       100%        5
 Summon Mana Viper        Hex/Summ       0%         N/A       100%        5
 Yara's Violent Unravell  Hex/Tmut       0%         3d3       100%        5
 Death Channel            Necr           0%         N/A       100%        6
 Iron Shot                Conj/Erth      0%         9d1       100%        6
 Simulacrum               Ice/Necr       0%         N/A       100%        6
 Starburst                Conj/Fire      0%         6d3       100%        6
 Statue Form              Tmut/Erth      0%         N/A       100%        6
 Enfeeble                 Hex            0%         N/A       100%        7
 Malign Gateway           Summ/Tloc      0%         N/A       100%        7
 Orb of Destruction       Conj           0%         9d5       100%        7
 Ozocubu's Refrigeration  Ice            0%         4d5       100%        7
 Spellforged Servitor     Conj/Summ      0%         N/A       100%        7
 Storm Form               Tmut/Air       0%         N/A       100%        7
 Borgnjor's Revivificati  Necr           0%         N/A       100%        8
 Discord                  Hex            0%         N/A       100%        8
 Lehudib's Crystal Spear  Conj/Erth      0%         10d2      100%        8
 Maxwell's Capacitive Co  Air            0%         ∞         100%        8
 Necromutation            Tmut/Necr      0%         N/A       100%        8
 Summon Horrible Things   Summ           0%         N/A       100%        8
 Chain Lightning          Conj/Air       0%         N/A       100%        9
 Death's Door             Necr           0%         N/A       100%        9
 Fire Storm               Conj/Fire      0%         5d1       100%        9
 Shatter                  Erth           0%         3d5*      100%        9


Dungeon Overview and Level Annotations

Branches:
Dungeon (1/1)

Altars:
Ashenzari
Cheibriados
Dithmenos
Elyvilon
Fedhas
Gozag
Hepliaklqana
Kikubaaqudgha
Makhleb
Nemelex Xobeh
Okawaru
Qazlal
Ru
Sif Muna
Trog
Uskayaw
Vehumet
Wu Jian
Xom
Yredelemnul
Zin
The Shining One
Beogh
Jiyva
Lugonu


Innate Abilities, Weirdness & Mutations

You are mostly covered in icy blue scales. (AC +3)
You frequently emit foul miasma when damaged in melee.
You are powered by pain.
Your touch may irresistibly damage your foes and sap their willpower.
Your body often deteriorates upon taking damage.


Message History

Items here: ) [ | †.
S - the amulet of Aschah {Faith Regen+}
Items here: ( )) [[[ ††.
You enter the shallow water.
Moving in this stuff is going to be slow.
You enter the shallow water.
Moving in this stuff is going to be slow.
You pick up a Grand Grimoire and begin reading...
You add the spells Malign Gateway and Summon Horrible Things to your library.
You see here a lightning rod (4/4).
You see here a +1 hat of willpower.
You see here a +0 trident.
You see here a staff of poison.
You see here a tin of tremorstones (2/2).
You see here a +0 trident.
You see here a +1 dagger of venom.
You see here a +0 spear.
Search for what [? for help]? arm
There is a transporter here.
You feel very mighty all of a sudden.
You fade into invisibility!
An exit appears before you!
You enter the transporter and appear at another place.
Found the Orb of Zot.
Found a staircase leading out of the dungeon.
You see here the Orb of Zot.
Press: ? - help, v - describe, . - travel, g - get item Item here: the Orb of Zot.
The floor.
You see here the Orb of Zot.
You pick up the Orb of Zot!
The Orb lets out a hideous shriek!
The lords of Pandemonium are not amused.
Beware!
Cheibriados tells them not to hurry.
Now all you have to do is get back out of the dungeon!
Press: ? - help, v - describe, . - travel The floor.
This square is covered in magical glow.
There is a staircase leading out of the dungeon here.
You can't go down here!
You have escaped!

..[†..[.....▓..▓.......▓..▓...8©8
..†.[.†.....▓.▓▓▓.....▓▓▓.▓..)}.[
.......[....▓..▓.......▓..▓..):).
....†[.†....▓.............▓......
...[........▓......©......▓......
...[........▓▓▓▓▓▓▓▓▓▓▓▓▓▓▓......
............▓8888888888888▓......
▓.......▓...▓8...........8▓..▓...
............▓8..@.....©..8▓.▓....
............▓8...........8▓....©.
....©.......▓8888888888888▓▓▓▓▓▓▓
▓▓▓▓▓▓▓▓▓▓▓▓▓▓▓▓▓▓▓▓▓▓▓▓▓▓▓▓▓▓▓▓▓
.....8©8........▓........8©8.....
)....)[..}|[))..▓..[.).))|).[|[)}
[.)}..[."[)}||..▓.:.")|[))[.).|).
.}}}=}))"...:)).▓.["|))}":})[.})}
.|..............▓.......)))[.....


There were no monsters in sight!

Vanquished Creatures
  A royal mummy (D)
  2 shard shrikes (shapeshifter) (D)
  A golden dragon (D)
  3 bone dragons (D)
  A doom hound (D)
  3 Tzitzimimeh (D)
  A tainted leviathan (D)
  4 searing wretches (D)
  4 deep elf blademasters (D)
  A lich (D)
  A pandemonium lord (D)
  2 quicksilver dragons (D)
  4 tentacled starspawn (D)
  An acid blob (shapeshifter) (D)
  7 krakens (D)
  3 acid blobs (D)
  Frances (D)
  A shadow dragon (shapeshifter) (D)
  Agnes (D)
  6 shadow dragons (D)
  3 draconian monks (D)
  3 azure jellies (D)
  2 narguns (D)
  3 rockslimes (D)
  Roxanne (D)
  A frost giant (D)
  2 deep elf sorcerers (D)
  3 fire giants (D)
  3 iron dragons (D)
  2 draconian scorchers (D)
  2 balrugs (D)
  2 draconian annihilators (D)
  2 draconian shifters (D)
  A draconian stormcaller (D)
  5 ghouls (D)
  A quicksilver ooze (D)
  2 stone giants (D)
  A quicksilver ooze (shapeshifter) (D)
  5 spriggan defenders (D)
  A broodmother (shapeshifter) (D)
  4 black draconians (D)
  4 green draconians (D)
  3 red draconians (D)
  2 putrid mouths (D)
  3 white draconians (D)
  A wendigo (D)
  7 yellow draconians (D)
  8 purple draconians (D)
  8 merfolk javelineers (D)
  17 merfolk impalers (D)
  2 mummy priests (D)
  A fire dragon (shapeshifter) (D)
  A deep elf high priest (D)
  Josephine (D)
  An ettin (shapeshifter) (D)
  2 fire dragons (D)
  3 great orbs of eyes (D)
  6 vault guards (D)
  A boulder beetle (D)
  4 salamander tyrants (D)
  5 spriggan air magi (D)
  2 alligator snapping turtles (D)
  A stoker (D)
  2 merfolk avatars (D)
  8 merfolk aquamancers (D)
  A hydra (D)
  4 ice dragons (D)
  An anaconda (shapeshifter) (D)
  A dancing weapon (D)
  3 two-headed ogres (shapeshifter) (D)
  A catoblepas (shapeshifter) (D)
  2 satyrs (D)
  4 hell hogs (D)
  2 death scarabs (D)
  5 spriggan berserkers (D)
  5 thrashing horrors (D)
  A shock serpent (shapeshifter) (D)
  2 wretched stars (D)
  12 soul eaters (D)
  Nergalle (D)
  A deep elf knight (D)
  A fire crab (shapeshifter) (D)
  6 sea snakes (D)
  4 large abominations (D)
  A goliath frog (shapeshifter) (D)
  A death drake (D)
  A death drake (shapeshifter) (D)
  3 sea snakes (shapeshifter) (D)
  2 glowing orange brains (shapeshifter) (D)
  2 swamp dragons (D)
  A harpy (D)
  2 lindwurms (shapeshifter) (D)
  2 harpies (shapeshifter) (D)
  6 ugly things (D)
  A deep elf zephyrmancer (D)
  A mana viper (shapeshifter) (D)
  2 wolf spiders (shapeshifter) (D)
  3 shining eyes (D)
  7 manticores (D)
  A cyclops (D)
  A faun (shapeshifter) (D)
  A glowing shapeshifter (D)
  14 slime creatures (D)
  4 draconians (D)
  2 black mambas (D)
  4 merfolk sirens (D)
  A guardian serpent (shapeshifter) (D)
  Maurice (D)
  A guardian serpent (D)
  7 cane toads (D)
  2 apocalypse crabs (D)
  An eye of devastation (shapeshifter) (D)
  2 water nymphs (D)
  2 black mambas (shapeshifter) (D)
  3 eyes of devastation (D)
  A torpor snail (D)
  7 hellions (D)
  2 yaktaurs (shapeshifter) (D)
  3 freezing wraiths (D)
  A komodo dragon (shapeshifter) (D)
  A rime drake (D)
  3 guardian mummies (D)
  A tormentor (D)
  2 ancient zymes (D)
  3 komodo dragons (D)
  An efreet (D)
  A merfolk (shapeshifter) (D)
  13 merfolk (D)
  A polar bear (shapeshifter) (D)
  A polar bear (D)
  5 wind drakes (D)
  A hornet (D)
  5 snapping turtles (D)
  Grinder (D)
  A blink frog (shapeshifter) (D)
  A jumping spider (shapeshifter) (D)
  3 raiju (D)
  2 slime creatures (shapeshifter) (D)
  3 spriggans (D)
  A culicivora (shapeshifter) (D)
  2 flying skulls (D)
  A wraith (D)
  An air elemental (D)
  A wyvern (D)
  An ushabti (D)
  A yak (shapeshifter) (D)
  A ynoxinul (D)
  4 water elementals (D)
  3 yaks (D)
  2 neqoxecs (D)
  9 golden eyes (D)
  A basilisk (shapeshifter) (D)
  A fire elemental (D)
  4 steam dragons (D)
  2 swamp worms (shapeshifter) (D)
  A water moccasin (D)
  2 acid dragons (D)
  2 floating eyes (shapeshifter) (D)
  An ice beast (D)
  A black bear (shapeshifter) (D)
  4 swamp drakes (D)
  4 black bears (D)
  3 wolves (D)
  7 small abominations (D)
  A wight (D)
  A quasit (D)
  6 jellies (D)
  An iron imp (D)
  An iguana (D)
  8 mummies (D)
  2 river rats (D)
  A shadow imp (D)
  2 white imps (D)
  An ufetubus (D)
  4 adder skeletons (D)
  2 adder zombies (D)
  3 adder simulacra (D)
  4 bat skeletons (D)
  A bat zombie (D)
  4 endoplasms (D)
  A jackal (D)
  A ball python simulacrum (D)
  5 ball python skeletons (D)
  3 ball python zombies (D)
  3 giant cockroach zombies (D)
  6 quokka skeletons (D)
  A quokka zombie (D)
  A creeping inferno (D)
  5 fire vortices (D)
  A lurking horror (D)
  17 tentacles (D)
538 creatures vanquished.

Vanquished Creatures (collateral kills)
  Nikola (D)
  A harpy (D)
2 creatures vanquished.

Vanquished Creatures (others)
  Joseph (D)
  Sigmund (D)
  Duvessa (D)
  Terence (D)
  6 starspawn tentacles (D)
  18 tentacles (D)
28 creatures vanquished.

Grand Total: 568 creatures vanquished

Notes
Turn   | Place    | Note
-------+----------+-------------------------------------------
     0 | D        | Revguard the Demonspawn Fighter began the quest for the
                  | Orb.
     0 | D        | Reached XP level 1. HP: 18/18 MP: 1/1
     0 | D        | Found a shimmering blue altar of Sif Muna.
     0 | D        | Found a bloodstained altar of Trog.
     0 | D        | Found a sacrificial altar of Ru.
     0 | D        | Found a stormy altar of Qazlal.
     0 | D        | Found an iron altar of Okawaru.
     1 | D        | Found a sparkling altar of Nemelex Xobeh.
     1 | D        | Found a blossoming altar of Fedhas.
     1 | D        | Found the +6 Majin-Bo {vamp, MP+6 Int+6}
     1 | D        | Found the +9 heavy crossbow "Sniper" {vorpal, Acc+∞ SInv}
     1 | D        | Found the +10 dark maul {vorpal}
     1 | D        | Found the +15 Maxwell's patent armour {-Cast -Tele rElec
                  | Will+ rCorr}
     1 | D        | Found the +18 shield of the Gong {rElec rN+ Will+ EV-5}
     1 | D        | Found the +14 obsidian axe {vorpal, Mesm Drain Fly SInv}
     1 | D        | Found the +7 great mace "Firestarter" {inner flame, rF++}
     1 | D        | Found the +6 shillelagh "Devastator" {shatter}
     1 | D        | Found the +11 plutonium sword {Contam Stlth-}
     1 | D        | Found the +8 lance "Wyrmbane" {slay drac, rPois rF+ rC+
                  | AC+3}
     1 | D        | Found the +9 sword of Zonguldrok {reap}
     1 | D        | Found the +13 scythe of Curses {drain, Drain}
     1 | D        | Found the +5 sword of Power {vorpal}
     1 | D        | Found the +7 mace of Variability {chain chaos}
     1 | D        | Found the +7 Singing Sword {vorpal, sonic wave}
     1 | D        | Found the +8 storm bow {elec, penet}
     1 | D        | Banished a spatial maelstrom
     3 | D        | Found a transporter.
     3 | D        | Found an ancient bone altar of Kikubaaqudgha.
     3 | D        | Found a viscous altar of Jiyva.
     3 | D        | Found a corrupted altar of Lugonu.
     3 | D        | Found a hazy altar of Hepliaklqana.
     3 | D        | Found a burning altar of Makhleb.
     3 | D        | Found an opulent altar of Gozag.
     3 | D        | Banished a spatial maelstrom
     5 | D        | Banished a spatial maelstrom
    21 | D        | Banished a spatial maelstrom
    60 | D        | Became a worshipper of Cheibriados the Contemplative
   103 | D        | Reached skill level 3 in Invocations
   103 | D        | Gained mutation: You sometimes gain a little power by
                  | taking damage. [demonic ancestry]
   103 | D        | Reached XP level 2. HP: 25/25 MP: 1/4
   134 | D        | Entered arena 2.
   134 | D        | Noticed a rime drake
   134 | D        | Noticed a green ugly thing
   134 | D        | Found a transporter.
   138 | D        | Noticed a raiju
   138 | D        | a rime drake changed into a raiju
   139 | D        | Killed a green ugly thing
   140 | D        | Reached skill level 5 in Long Blades
   140 | D        | Reached skill level 5 in Armour
   140 | D        | Reached skill level 5 in Shields
   140 | D        | Reached skill level 7 in Invocations
   140 | D        | Reached skill level 5 in Evocations
   140 | D        | Gained mutation: You sometimes gain power by taking damage.
                  | [demonic ancestry]
   140 | D        | Reached XP level 3. HP: 2/35 MP: 5/8
   140 | D        | Reached XP level 4. HP: 3/41 MP: 5/9
   140 | D        | Gained mutation: You are partially covered in icy blue
                  | scales. (AC +2) [demonic ancestry]
   140 | D        | Reached XP level 5. HP: 3/47 MP: 5/10
   140 | D        | Gained mutation: You may rarely emit foul miasma when
                  | damaged in melee. [demonic ancestry]
   140 | D        | Reached XP level 6. HP: 4/53 MP: 5/11
   142 | D        | Noticed a basilisk
   142 | D        | a raiju changed into a basilisk
   143 | D        | Killed a basilisk
   143 | D        | Reached * piety under Cheibriados
   144 | D        | Reached skill level 5 in Dodging
   144 | D        | Reached XP level 7. HP: 17/59 MP: 5/12
   362 | D        | Entered arena 3.
   362 | D        | Found a transporter.
   365 | D        | Reached ** piety under Cheibriados
   366 | D        | Reached skill level 8 in Invocations
   371 | D        | Entered arena 4.
   371 | D        | Noticed a golden eye
   371 | D        | Noticed a golden eye
   371 | D        | Noticed a golden eye
   371 | D        | Found a transporter.
   373 | D        | Killed a golden eye
   373 | D        | Killed a golden eye
   373 | D        | Reached *** piety under Cheibriados
   373 | D        | Killed a golden eye
   374 | D        | Gained mutation: Your touch may inflict minor irresistible
                  | damage on your foes. [demonic ancestry]
   374 | D        | Reached XP level 8. HP: 67/67 MP: 14/14
   376 | D        | Reached **** piety under Cheibriados
   377 | D        | Reached skill level 9 in Invocations
   381 | D        | Got the +0 pair of boots of Guoh {*Corrode Will++}
   390 | D        | Entered arena 5.
   390 | D        | Noticed a draconian
   390 | D        | Noticed a draconian
   390 | D        | Noticed a draconian
   390 | D        | Noticed a draconian
   390 | D        | Found a transporter.
   393 | D        | Killed a draconian
   393 | D        | Killed a draconian
   394 | D        | Reached skill level 10 in Invocations
   395 | D        | Killed a draconian
   396 | D        | Gained mutation: You are mostly covered in icy blue scales.
                  | (AC +3) [demonic ancestry]
   396 | D        | Reached XP level 9. HP: 73/75 MP: 14/16
   396 | D        | Killed a draconian
   396 | D        | Reached ***** piety under Cheibriados
   404 | D        | Entered arena 6.
   404 | D        | Found a transporter.
   418 | D        | Got the ring of Xaedaati {rPois rF+ Int+4 Dex-2}
   424 | D        | Entered arena 7.
   424 | D        | Noticed a shining eye
   424 | D        | Noticed a green ugly thing
   424 | D        | Noticed a black mamba
   424 | D        | Noticed a purple ugly thing
   425 | D        | Found a transporter.
   428 | D        | Killed a black mamba
   429 | D        | Reached skill level 11 in Invocations
   429 | D        | Killed a green ugly thing
   429 | D        | Reached ****** piety under Cheibriados
   429 | D        | Gained mutation: Your body sometimes deteriorates upon
                  | taking damage. [a shining eye]
   432 | D        | Killed a shining eye
   433 | D        | Reached XP level 10. HP: 83/83 MP: 18/18
   437 | D        | Killed a green ugly thing
   438 | D        | Reached skill level 12 in Invocations
   448 | D        | Entered arena 8.
   448 | D        | Noticed a cane toad
   449 | D        | Found a transporter.
   453 | D        | Killed a cane toad
   456 | D        | Reached skill level 10 in Fighting
   463 | D        | Got the ring "Hinob" {Ice Will- rCorr Dex+4}
   465 | D        | Got the ring of the Queen {Fire Slay+2}
   476 | D        | Entered arena 9.
   476 | D        | Noticed a brown ugly thing
   476 | D        | Noticed a fire crab
   476 | D        | Noticed a harpy
   476 | D        | Noticed a white ugly thing
   476 | D        | Noticed a red ugly thing
   477 | D        | Found a transporter.
   479 | D        | Killed a fire crab
   479 | D        | Killed a harpy
   480 | D        | Reached skill level 10 in Evocations
   480 | D        | Killed a brown ugly thing
   481 | D        | Reached skill level 13 in Invocations
   485 | D        | Killed a brown ugly thing
   489 | D        | Killed a brown ugly thing
   490 | D        | Reached skill level 10 in Armour
   490 | D        | Gained mutation: You sometimes emit foul miasma when
                  | damaged in melee. [demonic ancestry]
   490 | D        | Reached XP level 11. HP: 80/92 MP: 21/21
   496 | D        | Got the ring "Xubanti" {rF+ Int+3}
   504 | D        | Entered arena 10.
   505 | D        | Found a transporter.
   511 | D        | Reached skill level 10 in Shields
   513 | D        | Reached skill level 10 in Long Blades
   540 | D        | Entered arena 11.
   540 | D        | Noticed a spriggan rider
   541 | D        | Found a transporter.
   544 | D        | Reached skill level 14 in Invocations
   547 | D        | Reached skill level 10 in Dodging
   557 | D        | Got the ring "Liry" {rF+ Int+3 Slay+3 Stlth-}
   572 | D        | Entered arena 12.
   572 | D        | Noticed a vault guard
   572 | D        | Noticed a vault guard
   572 | D        | Noticed a stone giant
   572 | D        | Noticed a vault guard
   572 | D        | Noticed a stone giant
   572 | D        | Noticed a vault guard
   572 | D        | Noticed a vault guard
   572 | D        | Noticed a shadow dragon
   572 | D        | Noticed a vault guard
   573 | D        | Noticed a lich
   574 | D        | Found a transporter.
   578 | D        | Killed a lich
   578 | D        | Killed a vault guard
   579 | D        | Killed a vault guard
   579 | D        | Killed a vault guard
   579 | D        | Killed a vault guard
   579 | D        | Killed a vault guard
   579 | D        | Killed a stone giant
   580 | D        | Reached skill level 15 in Invocations
   580 | D        | Reached XP level 12. HP: 47/103 MP: 11/23
   580 | D        | Killed a vault guard
   585 | D        | Killed a shadow dragon
   586 | D        | Killed a stone giant
   819 | D        | Entered arena 13.
   819 | D        | Noticed an acid blob
   819 | D        | Noticed a rockslime
   820 | D        | Noticed a rockslime
   820 | D        | Noticed an azure jelly
   820 | D        | Noticed an acid blob
   821 | D        | Found a transporter.
   827 | D        | Killed a rockslime
   828 | D        | Reached skill level 16 in Invocations
   830 | D        | Killed a rockslime
   831 | D        | Killed an acid blob
   832 | D        | Killed an acid blob
   832 | D        | Killed an azure jelly
  1186 | D        | Got the amulet "Hynwor" {RegenMP rN+ Int+7 Dex-3}
  1204 | D        | Entered arena 14.
  1205 | D        | Noticed a deep elf sorcerer
  1205 | D        | Noticed a deep elf high priest
  1205 | D        | Noticed a deep elf blademaster
  1205 | D        | Noticed a deep elf blademaster
  1205 | D        | Noticed a deep elf sorcerer
  1205 | D        | Noticed a deep elf blademaster
  1205 | D        | Noticed a deep elf blademaster
  1210 | D        | Killed a deep elf sorcerer
  1211 | D        | Reached skill level 17 in Invocations
  1211 | D        | Killed a deep elf sorcerer
  1211 | D        | Killed a deep elf high priest
  1212 | D        | Gained mutation: You frequently emit foul miasma when
                  | damaged in melee. [demonic ancestry]
  1212 | D        | Reached XP level 13. HP: 57/112 MP: 25/25
  1212 | D        | Killed a deep elf blademaster
  1212 | D        | Killed a deep elf blademaster
  1212 | D        | Killed a deep elf blademaster
  1212 | D        | Killed a deep elf blademaster
  1405 | D        | Found a transporter.
  1416 | D        | Entered arena 15.
  1417 | D        | Noticed a wendigo
  1417 | D        | Noticed a nargun
  1417 | D        | Noticed an azure jelly
  1418 | D        | Paralysed by a wendigo for 1 turns
  1420 | D        | Killed a nargun
  1420 | D        | Noticed a nargun
  1420 | D        | Killed a wendigo
  1421 | D        | Reached skill level 18 in Invocations
  1421 | D        | Killed an azure jelly
  1423 | D        | Found a transporter.
  1423 | D        | Noticed a frost giant
  1425 | D        | Killed a nargun
  1434 | D        | Killed a frost giant
  1518 | D        | Got Gureme's Compendium of Flamy Creation
  1559 | D        | Entered arena 16.
  1648 | D        | Noticed a quicksilver ooze
  1648 | D        | Noticed a rockslime
  1651 | D        | Killed a quicksilver ooze
  1655 | D        | Reached skill level 15 in Fighting
  1655 | D        | Killed a rockslime
  1656 | D        | Gained mutation: Your body often deteriorates upon taking
                  | damage. [a shining eye]
  1662 | D        | Reached skill level 19 in Invocations
  1662 | D        | Found a transporter.
  1763 | D        | Entered arena 17.
  1766 | D        | Noticed Sigmund
  1766 | D        | Noticed Grinder
  1766 | D        | Noticed Duvessa
  1766 | D        | Noticed Maurice
  1766 | D        | Noticed Terence
  1766 | D        | Found the +7 Spriggan's Knife {stab, EV+4 Stlth+}
  1766 | D        | Noticed Frances
  1766 | D        | Noticed Nikola
  1766 | D        | Noticed Agnes
  1767 | D        | Noticed Nergalle
  1767 | D        | Noticed Joseph
  1767 | D        | Identified Roxanne's Compendium of Transmigration
  1767 | D        | Noticed Roxanne
  1767 | D        | Noticed Josephine
  1767 | D        | Killed Duvessa
  1767 | D        | Killed Sigmund
  1767 | D        | Killed Joseph
  1767 | D        | Killed Terence
  1769 | D        | Killed Maurice
  1770 | D        | Killed Agnes
  1771 | D        | Reached skill level 15 in Evocations
  1771 | D        | Killed Frances
  1771 | D        | Killed Grinder
  1772 | D        | Killed Nergalle
  1773 | D        | Killed Josephine
  1776 | D        | Killed Nikola
  1777 | D        | Gained mutation: Your touch may inflict irresistible damage
                  | on your foes. [demonic ancestry]
  1777 | D        | Reached XP level 14. HP: 105/123 MP: 27/27
  1781 | D        | Found a transporter.
  1792 | D        | Killed Roxanne
  1810 | D        | Entered arena 18.
  1813 | D        | Noticed an acid blob
  1814 | D        | Noticed an azure jelly
  1820 | D        | Killed an acid blob
  1821 | D        | Killed an azure jelly
  1823 | D        | Reached skill level 20 in Invocations
  1869 | D        | Found a transporter.
  1877 | D        | Got the ring of Hushroir {rC+ Int+6}
  1882 | D        | Got the Reference Book on Viperous Hexes
  1886 | D        | Got the amulet "Kemis" {Spirit Harm rElec}
  1897 | D        | Entered arena 19.
  1901 | D        | Noticed a royal mummy
  1907 | D        | Reached skill level 15 in Armour
  1910 | D        | Found a transporter.
  1911 | D        | Noticed an emperor scorpion
  1911 | D        | Noticed an emperor scorpion
  1918 | D        | Reached skill level 15 in Shields
  1932 | D        | Killed a royal mummy
  1933 | D        | Reached skill level 15 in Long Blades
  1953 | D        | Got the Collected Works on Clay
  2125 | D        | Entered arena 20.
  2130 | D        | Noticed a searing wretch
  2130 | D        | Noticed a fire giant
  2130 | D        | Noticed a fire giant
  2130 | D        | Noticed a searing wretch
  2130 | D        | Found the +3 salamander hide armour {Flames rF++ rC--}
  2130 | D        | Noticed a balrug
  2130 | D        | Noticed a searing wretch
  2130 | D        | Noticed a balrug
  2130 | D        | Noticed a fire giant
  2131 | D        | Noticed a searing wretch
  2133 | D        | Killed a balrug
  2134 | D        | Reached skill level 15 in Dodging
  2135 | D        | Killed a fire giant
  2135 | D        | Killed a fire giant
  2135 | D        | Killed a fire giant
  2135 | D        | Killed a balrug
  2136 | D        | Reached skill level 21 in Invocations
  2137 | D        | Killed a searing wretch
  2141 | D        | Killed a searing wretch
  2143 | D        | Killed a searing wretch
  2144 | D        | Killed a searing wretch
  2145 | D        | Gained mutation: Your touch may irresistibly damage your
                  | foes and sap their willpower. [demonic ancestry]
  2145 | D        | Reached XP level 15. HP: 54/134 MP: 24/29
  2146 | D        | Found a transporter.
  2398 | D        | Got the amulet of Wadyteod {Reflect Will+ SH+5}
  2419 | D        | Got the ring "Foax" {rC+ rCorr Str+6 Slay+5}
  2535 | D        | Entered arena 21.
  2545 | D        | Reached skill level 22 in Invocations
  2556 | D        | Found a transporter.
  2814 | D        | Entered arena 22.
  2818 | D        | Noticed a quicksilver dragon
  2818 | D        | Noticed a golden dragon
  2818 | D        | Noticed a quicksilver dragon
  2818 | D        | Noticed an iron dragon
  2819 | D        | Noticed a shadow dragon
  2819 | D        | Noticed an iron dragon
  2819 | D        | Noticed an iron dragon
  2823 | D        | Killed a quicksilver dragon
  2823 | D        | Killed a quicksilver dragon
  2826 | D        | Reached skill level 23 in Invocations
  2827 | D        | Killed a golden dragon
  2828 | D        | Killed a shadow dragon
  2829 | D        | Killed an iron dragon
  2830 | D        | Killed an iron dragon
  2832 | D        | Killed an iron dragon
  2882 | D        | Found a transporter.
  2893 | D        | Got the ring "Rekhlap" {rCorr Stlth+}
  2984 | D        | Entered arena 23.
  2990 | D        | Noticed a kraken
  2990 | D        | Identified the ring of Elitism {Wiz rN+ Str+5 Dex+4}
  2990 | D        | Identified the ring "Hiudatu" {Will++ MP+9 Int+4 Dex-4
                  | Stlth+}
  2991 | D        | Noticed a kraken
  2991 | D        | Noticed a kraken
  2991 | D        | Noticed a kraken
  2994 | D        | Reached skill level 24 in Invocations
  2994 | D        | Killed a kraken
  2995 | D        | Reached XP level 16. HP: 145/147 MP: 25/32
  2996 | D        | Killed a kraken
  2997 | D        | Killed a kraken
  2998 | D        | Killed a kraken
  3045 | D        | Found a transporter.
  3054 | D        | Got Veel's Incunabulum of Icy Ignition
  3082 | D        | Entered arena 24.
  3088 | D        | Identified the ring of Timmuph {Wiz Str+3 Int+4}
  3089 | D        | Identified the +9 battleaxe "Nicops" {freeze, +Blink rC+
                  | Int+4 Dex-5}
  3095 | D        | Reached skill level 25 in Invocations
  3097 | D        | Reached skill level 26 in Invocations
  3378 | D        | Found a transporter.
  3385 | D        | Got the +2 pair of boots "Zedui" {rN+ Str+4}
  3396 | D        | Got the ring of Kaof {rElec rF+ MP+9 SInv Stlth-}
  3425 | D        | Entered arena 25.
  3433 | D        | Noticed a shard shrike
  3433 | D        | Noticed a storm dragon
  3433 | D        | a ghost moth changed into a storm dragon
  3433 | D        | a storm dragon changed into a quicksilver ooze
  3434 | D        | Noticed a titan
  3434 | D        | Noticed a juggernaut
  3434 | D        | a glowing shapeshifter changed into a juggernaut
  3434 | D        | Noticed an iron giant
  3434 | D        | a shard shrike changed into an iron giant
  3434 | D        | Noticed a shard shrike
  3436 | D        | Noticed a shadow dragon
  3436 | D        | a juggernaut changed into a shadow dragon
  3436 | D        | Noticed a shadow dragon
  3436 | D        | an iron giant changed into a shadow dragon
  3436 | D        | Killed a shard shrike
  3437 | D        | Reached XP level 17. HP: 139/158 MP: 34/34
  3437 | D        | Noticed a shard shrike
  3437 | D        | a titan changed into a shard shrike
  3438 | D        | Reached skill level 27 in Invocations
  3439 | D        | Killed a shard shrike
  3443 | D        | Noticed an acid blob
  3443 | D        | a shadow dragon changed into an acid blob
  3447 | D        | Killed an acid blob
  3488 | D        | Found a transporter.
  3494 | D        | Got the amulet of Lizi {RegenMP Harm}
  3507 | D        | Got the ring of Ynuocside {rN+ Str-3 Int+4 Slay+4}
  3518 | D        | Got the ring "Tarics" {AC+4 Str+4}
  3553 | D        | Entered arena 26.
  3563 | D        | Found the +2 cloak of the Thief {*Fog Slay-2 SInv Stlth+}
  3563 | D        | Noticed Peuroblafum the pandemonium lord
  3563 | D        | Identified the +1 hunting sling of Mayhem {vorpal, rF++
                  | MP-9}
  3589 | D        | Killed Peuroblafum the pandemonium lord
  3594 | D        | Found a transporter.
  3917 | D        | Got Sif Muna's Tome of Destructive Weightlessness
  3923 | D        | Got the amulet "Zadghush" {Faith Harm Fragile Str+3 Slay+4}
  3939 | D        | Got the Volume of Ashen Envenoming
  4014 | D        | Entered arena 27.
  4022 | D        | Noticed a Tzitzimitl
  4022 | D        | Noticed a Tzitzimitl
  4023 | D        | Noticed a Tzitzimitl
  4024 | D        | Noticed a doom hound
  4024 | D        | Noticed a bone dragon
  4024 | D        | Noticed a bone dragon
  4026 | D        | Noticed a tainted leviathan
  4038 | D        | Killed a doom hound
  4042 | D        | Killed a Tzitzimitl
  4043 | D        | Killed a Tzitzimitl
  4044 | D        | Killed a Tzitzimitl
  4045 | D        | Noticed a bone dragon
  4048 | D        | Gained mutation: You are powered by pain. [demonic
                  | ancestry]
  4048 | D        | Reached XP level 18. HP: 54/173 MP: 9/35
  4048 | D        | Killed a tainted leviathan
  4048 | D        | Killed a bone dragon
  4049 | D        | Killed a bone dragon
  4054 | D        | Killed a bone dragon
  4099 | D        | Found a transporter.
  4381 | D        | Got the ring "Zeralal" {rC+ EV+4 Int+2}
  4406 | D        | Got the Collected Works on the Glacial Escort
  4451 | D        | Entered arena 28.
  4461 | D        | Identified the amulet "Agiaruem" {Reflect MP+9 Dex+4 SH+5}
  4461 | D        | Identified the amulet "Kaupnus" {Spirit +Inv rPois}
  4462 | D        | Identified the amulet "Puyc" {Acrobat Contam Regen+ rCorr
                  | Slay+5}
  4464 | D        | Identified the amulet of Aschah {Faith Regen+}
  4466 | D        | Identified the ring "Cererin" {Drain rPois rN+++ rCorr
                  | Str-4}
  4468 | D        | Identified the ring of the Original Sin {Drain rPois rF+
                  | rCorr Str+2 Int+3}
  4532 | D        | Found a transporter.
  4612 | D        | Got the Orb of Zot
  4617 | D        | Escaped with the Orb!

Illustrated notes

Levels and vault maps discovered:
D:        sprint_v [room_start, room_1, room_2, room_3, room_4, room_5, room_6,
          room_7, room_8, room_9, room_10, room_11, room_12, room_13, room_14,
          room_15, room_16, room_17, room_18, room_19, room_20, room_21,
          room_22, room_23, room_24, room_25, room_26, room_27]

Skill      XL: |  1  2  3  4  5  6  7  8  9 10 11 12 13 14 15 16 17 18 |
---------------+-------------------------------------------------------+-----
Fighting       | 4 6 7 8 9 10 12 13 15 17 19 21 24 25 | 25.5
Long Blades    | 3 5 6 7 8 9 11 12 14 15 17 19 22 23 | 23.6
Armour         | 3 5 6 7 8 10 11 12 14 16 18 19 22 23 | 23.7
Dodging        | 2 4 5 6 7 8 9 11 12 14 15 17 19 22 23 | 23.5
Shields        | 3 5 6 7 8 9 11 12 14 16 18 19 22 23 | 23.6
Invocations    | 3 7 8 10 11 13 15 17 19 21 24 26 27 | 27.0
Evocations     | 2 5 6 7 9 10 11 13 15 17 19 21 23 25 | 25.3

Action                   |  1- 3 |  4- 6 |  7- 9 | 10-12 | 13-15 | 16-18 || total
-------------------------+-------+-------+-------+-------+-------+-------++-------
Melee: Double sword      |     3 |     3 |    24 |    64 |    69 |    52 ||   215
Invok: Slouch            |       |       |       |     5 |    16 |    20 ||    41
       Step From Time    |       |       |       |       |     3 |     3 ||     6
Evoke: Condenser vane    |       |       |       |     2 |     9 |     7 ||    18
       Wand              |       |       |       |       |     5 |     3 ||     8
       Box of beasts     |       |       |       |       |     2 |     1 ||     3
       Phial of floods   |       |       |       |       |     1 |       ||     1
       Tin of tremorston |       |       |       |       |     3 |    11 ||    14
  Use: Potion            |     2 |     1 |       |       |     6 |    17 ||    26
       Scroll            |       |       |       |       |     1 |       ||     1
 Stab: Distracted        |       |       |       |       |     2 |       ||     2
Armor: Plate armour      |     1 |       |     7 |    49 |    39 |    95 ||   191
Dodge: Dodged            |       |       |     7 |    31 |    37 |   177 ||   252
Block: Kite shield       |     8 |     2 |    36 |   158 |   150 |   255 ||   609
       Reflection        |       |       |       |       |     5 |     3 ||     8
